Map: 2000 Atmospheres LE

Players

yndgaming

  • Race: Terran Terran
  • League: Silver
  • Spawn Location: 3:00

Pumba - Winner!

  • Race: Protoss Protoss
  • League: Silver
  • Spawn Location: 7:00

VOD

Have the link to the VOD?

Description

Time

  • Played on: Jan. 25, 2022, 7:30 p.m.
  • Length: 9:17
Show
View Real Time Build Order
Export as new Build Order

yndgaming Terran 

Build Orders:  

Get SALT Encoding   

  12  0:00  SCV  
  13  0:18  SCV  
  14  0:21  Supply Depot  
  14  0:30  SCV  
  15  0:43  SCV  
  15  0:45  Barracks  
  16  0:55  SCV  
  17  1:03  Refinery  
  17  1:07  SCV  
  18  1:19  SCV  
  19  1:31  SCV  
  20  1:33  Supply Depot  
  20  1:35  Marine  
  21  1:45  SCV  
  22  1:53  Marine  
  23  1:57  SCV, Command Center  
  24  2:09  Refinery  
  24  2:12  SCV  
  25  2:19  Factory  
  25  2:23  Barracks Reactor  
  25  2:24  SCV  
  26  2:38  Orbital Command  
  26  3:05  Marine x2  
  27  3:08  Factory Tech Lab  
  27  3:12  Starport  
  28  3:14  SCV  
  28  3:15  SCV  
  30  3:23  Marine x2  
  30  3:26  SCV  
  33  3:28  SCV  
  34  3:36  Siege Tank  
  34  3:38  SCV  
  34  3:40  SCV  
  39  3:46  Marine x2  
  41  3:50  SCV  
  41  3:51  Barracks, Starport Reactor  
  41  3:52  SCV  
  43  4:04  SCV, Marine x2  
  46  4:27  Supply Depot  
  46  4:31  Engineering Bay  
  46  4:48  SCV, Medivac x2, Siege Tank  
  46  4:49  Barracks Tech Lab  
  46  4:50  Supply Depot  
  54  4:55  Barracks  
  54  5:07  Supply Depot  
  54  5:11  Marine x2  
  54  5:12  SCV x2  
  59  5:21  Marauder  
  63  5:28  Siege Tank  
  63  5:29  Marine x2  
  65  5:40  Medivac  
  65  5:42  Marauder  
  70  5:46  Barracks Reactor  
  70  5:47  Marine  
  70  5:52  Supply Depot  
  70  6:02  Missile Turret  
  70  6:04  Stimpack  
  70  6:10  Missile Turret  
  70  6:14  Marauder, Marine x2  
  70  6:17  SCV x2  
  76  6:22  Refinery  
  76  6:29  SCV x2  
  78  6:43  Supply Depot  
  78  6:45  Supply Depot  
  78  7:04  Refinery  
  78  7:05  SCV x2, Medivac x2, Marine x2  
  78  7:06  Marine x3  
  89  7:09  Terran Infantry Weapons Level 1  
  89  7:17  SCV x2, Missile Turret  
  89  7:21  Supply Depot  
  89  7:22  Marine x2  
  91  7:24  Marine  
  91  7:25  Marine x2  
  91  7:29  SCV  
  87  7:40  Marine  
  87  7:42  Marine x2  
  90  7:44  Concussive Shells  
  90  7:46  Marine  
  90  7:47  Marine  
  92  7:58  Siege Tank, Marine  
  92  8:00  Marine  
  92  8:01  Marauder  
  92  8:02  Medivac  
  92  8:04  Marine  
  102  8:26  Command Center  
  102  8:27  Marine  
  102  8:28  Marine x2  
  102  8:29  Marine  
  102  8:30  Marauder, Siege Tank  
  79  8:45  Marine  
  79  8:46  Marine  
  66  8:51  Marauder  
Show
View Real Time Build Order
Export as new Build Order

Pumba Protoss - Winner!

Build Orders: 1 Gate Expand 

Get SALT Encoding   

  12  0:01  Probe  
  13  0:13  Probe  
  14  0:20  Pylon  
  14  0:25  Probe  
  15  0:38  Probe (Chrono Boost)  
  15  0:39  Gateway  
  16  0:49  Assimilator  
  17  0:50  Probe (Chrono Boost)  
  17  0:57  Probe (Chrono Boost)  
  18  1:05  Probe  
  19  1:17  Probe  
  20  1:28  Nexus  
  20  1:34  Cybernetics Core  
  20  1:38  Probe  
  21  1:44  Assimilator  
  21  1:50  Probe  
  21  1:53  Pylon  
  22  2:01  Warp Gate  
  22  2:02  Probe  
  23  2:08  Stalker (Chrono Boost)  
  23  2:14  Probe  
  26  2:26  Probe  
  27  2:38  Stalker  
  27  2:41  Probe (Chrono Boost)  
  27  2:43  Robotics Facility  
  31  2:47  Probe (Chrono Boost)  
  32  2:51  Probe (Chrono Boost)  
  32  2:55  Probe (Chrono Boost)  
  32  2:56  Probe (Chrono Boost)  
  34  3:01  Gateway  
  34  3:03  Gateway  
  34  3:09  Pylon  
  34  3:14  Probe x2  
  36  3:25  Stalker  
  36  3:26  Probe x2  
  40  3:40  Probe (Chrono Boost)  
  42  3:45  Probe (Chrono Boost)  
  43  3:48  Observer (Chrono Boost)  
  43  3:50  Probe (Chrono Boost)  
  43  3:54  Probe (Chrono Boost)  
  45  3:55  Probe (Chrono Boost)  
  45  3:58  Pylon  
  46  4:04  Probe  
  46  4:05  Stalker  
  46  4:06  Stalker x2  
  53  4:11  Pylon  
  53  4:13  Immortal (Chrono Boost)  
  57  4:19  Probe x2  
  59  4:24  Pylon  
  59  4:31  Probe x2  
  61  4:41  Assimilator  
  61  4:43  Probe  
  61  4:44  Assimilator  
  62  4:51  Twilight Council  
  62  4:56  Gateway x2  
  62  5:00  Gateway  
  62  5:02  Gateway  
  62  5:06  Gateway  
  62  5:07  Gateway  
  62  5:09  Gateway  
  62  5:17  Pylon  
  62  5:21  Pylon  
  62  5:34  Charge (Chrono Boost)  
  62  5:41  Templar Archives  
  62  5:44  Pylon  
  62  5:50  Pylon  
  62  5:53  Pylon  
  62  6:04  Immortal (Chrono Boost)  
  62  6:05  Zealot x10  
  86  6:14  Pylon  
  86  6:19  Pylon  
  86  6:33  Warp Prism (Chrono Boost)  
  86  6:39  Zealot  
  90  6:40  Zealot x4  
  90  6:41  Zealot  
  90  6:46  Sentry  
  102  7:03  Blink (Chrono Boost)  
  102  7:06  Observer (Chrono Boost)  
  103  7:37  Zealot x7  
  103  7:38  Zealot x3  
  123  7:54  Pylon  
  123  7:55  Nexus, Pylon  
  123  7:57  Pylon  
  123  7:59  Pylon  
  123  8:00  Pylon  
  123  8:06  Forge  
  123  8:07  Forge  
  123  8:10  High Templar x5  
  123  8:12  High Templar x2  
  137  8:13  High Templar  
  137  8:14  High Templar  
  137  8:16  High Templar  
  137  8:18  Archon  
  137  8:19  Archon x3  
  143  8:21  Archon  
  113  8:51  Zealot x10  
Tags
 
Add a new tag
Caveats
  • Supply blocks, unpowered buildings, or Contaminate may cause inaccurate times.
  • Supply counts are checked every 10 seconds.